 Dungeon Crawl Stone Soup version 0.17-a0-1-g1f4be75 (console) character file.

50724 Fusha the Geomancer (level 14, -13/83 HPs)
             Began as a Halfling Earth Elementalist on Mar 11, 2015.
             Was the Champion of Zin.
             Mangled by a five-headed hydra (15 damage)
             ... on level 7 of the Lair of Beasts.
             The game lasted 02:08:18 (30796 turns).

Fusha the Geomancer (Halfling Earth Elementalist)  Turns: 30796, Time: 02:08:18

Health: -13/83     AC: 10    Str: 16    XL:     14   Next: 98%
Magic:  25/34      EV: 25    Int: 18    God:    Zin [******]
Gold:   1002       SH:  0    Dex: 23    Spells: 7 memorised, 18 levels left

rFire  . . .     SeeInvis .     e - +3 quick blade {pierce, +Fly rElec rPois rF- Str+4 Dex+3 Stlth+}
rCold  . . .     Clarity  .     s - +3 leather armour {rF+}
rNeg   + . .     SustAb   .     (no shield)
rPois  +         Gourm    .     (no helmet)
rElec  +         Spirit   .     u - +2 cloak {rPois}
rCorr  .         Warding  +     (no gloves)
rMut   .         Stasis   .     w - +0 pair of boots
MR     +....                    K - amulet of warding
Stlth  ++++++....               m - +4 ring of dexterity
                                X - +4 ring of strength

@: slowed, very slow, somewhat resistant to hostile enchantments, very stealthy
A: mutation resistance 1
a: Recite, Vitalisation, Imprison, Sanctuary, Cure All Mutations, Renounce
Religion, Evoke Flight


You were on level 7 of the Lair of Beasts.
You worshipped Zin.
Zin was exalted by your worship.
You were not hungry.

You visited 2 branches of the dungeon, and saw 19 of its levels.

You collected 1157 gold pieces.
You spent 40 gold pieces at shops.
You donated 115 gold pieces to Zin.

Inventory:

Hand weapons
 e - the +3 quick blade "Killer Klown's Peril" (weapon) {pierce, +Fly rElec rPois rF- Str+4 Dex+3 Stlth+}
   (You acquired it on level 2 of the Lair of Beasts)

   It inflicts extra damage upon your enemies.
   It affects your strength (+4).
   It affects your dexterity (+3).
   It makes you vulnerable to fire.
   It insulates you from electricity.
   It protects you from poison.
   It lets you fly.
   It makes you more stealthy.
Missiles
 b - 85 stones (quivered)
 o - a throwing net
Armour
 s - a +3 leather armour of fire resistance (worn)
 u - a +2 cloak of poison resistance (worn)
 w - a +0 pair of boots (worn)
Jewellery
 j - an uncursed amulet of resist mutation
 l - an uncursed ring of see invisible
 m - a +4 ring of dexterity (right hand)
 p - an uncursed ring of wizardry
 K - an amulet of warding (around neck)
 X - a +4 ring of strength (left hand)
Magical devices
 a - a wand of slowing (33)
 c - a wand of digging (14)
 v - a wand of frost (22)
 E - a wand of slowing (17)
 I - a wand of paralysis (19)
 N - a wand of enslavement (5)
 P - a wand of frost (9)
 R - a wand of paralysis (1)
 U - a wand of lightning (2)
 Z - a wand of fire (0)
Scrolls
 f - a scroll of random uselessness
 k - 7 scrolls of magic mapping
 n - a scroll of immolation
 q - 3 scrolls of fog
 r - 8 scrolls of remove curse
 A - 2 scrolls of blinking {unknown}
 L - 2 scrolls of silence {unknown}
 T - a scroll of amnesia {unknown}
 V - 3 scrolls of summoning {unknown}
Potions
 g - 2 potions of magic
 t - 2 potions of might
 F - 2 potions of agility
 G - 4 potions of haste
 O - a potion of invisibility
 Q - a potion of curing
 S - 2 potions of cancellation
 Y - a potion of ambrosia
Books
 d - a book of Geomancy

   Spells                             Type                      Level
   a - Sandblast                      Earth                        1
   b - Stoneskin                      Transmutation/Earth          2
   c - Passwall                       Transmutation/Earth          3
   d - Stone Arrow                    Conjuration/Earth            3
   e - Petrify                        Transmutation/Earth          4
   f - Lee's Rapid Deconstruction     Earth                        5
 i - a book of Beasts

   Spells                             Type                      Level
   a - Summon Butterflies             Summoning                    1
   b - Call Canine Familiar           Summoning                    3
   c - Summon Ice Beast               Ice/Summoning                4
   d - Summon Mana Viper              Hexes/Summoning              5
   e - Monstrous Menagerie            Summoning                    6
   f - Summon Hydra                   Summoning                    7
 C - a Grand Grimoire {highlevel, unknown}

   This book is beyond your current level of understanding.

   Spells                             Type                      Level
   a - Aura of Abjuration             Summoning                    6
   b - Summon Greater Demon           Summoning                    7
   c - Malign Gateway                 Summoning/Translocation      7
   d - Summon Horrible Things         Summoning                    8
   Zin opposes the use of such an unholy item.
 M - a book of Cantrips

   Spells                             Type                      Level
   a - Corona                         Hexes                        1
   b - Animate Skeleton               Necromancy                   1
   c - Summon Small Mammal            Summoning                    1
   d - Apportation                    Translocation                1
Miscellaneous
 W - a phial of floods (inert)
Comestibles
 h - 7 bread rations


   Skills:
 + Level 3.6 Fighting
 + Level 4.3 Short Blades
 + Level 10.2 Dodging
 + Level 7.4 Stealth
 + Level 12.0 Spellcasting
 - Level 4.0 Conjurations
 + Level 1.2 Transmutations
 + Level 14.6 Earth Magic
 + Level 0.2 Evocations


You had 18 spell levels left.
You knew the following spells:

 Your Spells              Type           Power        Failure   Level  Hunger
a - Sandblast             Erth           ######       1%          1    None
b - Stoneskin             Trmt/Erth      #####...     1%          2    None
c - Stone Arrow           Conj/Erth      #####.       1%          3    None
d - Passwall              Trmt/Erth      #####.....   1%          3    None
e - Lee's Rapid Deconstr  Erth           ######....   1%          5    ####...
f - Petrify               Trmt/Erth      #####...     3%          4    ##.....
g - Apportation           Tloc           ##........   10%         1    None


Dungeon Overview and Level Annotations

Branches:
Dungeon (11/15)            Temple (0/1) D:6            Lair (8/8) D:11
  Swamp (0/5) Lair:5       Spider (0/5) Lair:6        Slime (0/6) Lair:8
    Orc (0/4) D:11

Altars:
Ashenzari
Cheibriados
Gozag
Nemelex Xobeh
Trog
Yredelemnul
Zin
The Shining One
Jiyva

Shops:
D:11 ?

Annotations:
Lair:2 more
Lair:3 more, exclusion: hydra
Lair:7 more, exclusion: door


Innate Abilities, Weirdness & Mutations

You are small and have problems with some larger weapons.
You are somewhat resistant to further mutation.


Message History

Confirm with . or Enter, or press ? or * to list all spells.
Okay, then.
Use which ability? (? or * to list)
Okay, then.
Unknown command.
Drink which item? (? for menu, Esc to quit)
Okay, then.
Evoke which item? (* to show all) (? for menu, Esc to quit)
Zapping:
U - a wand of lightning (will waste charges)
Press: ? - help, Shift-Dir - straight line, f - five-headed hydra
Aim: a five-headed hydra (almost dead)
You hear a mighty clap of thunder!
The bolt of lightning misses the five-headed hydra.
The bolt of lightning hits the torpor snail.
The torpor snail is severely wounded.
Evoking this partially-identified wand wasted a few charges.
The five-headed hydra completely misses you.
The five-headed hydra closely misses you.
The five-headed hydra bites you!
You die...

#..## ######P..## #
#..# #.....# # #..##
###..#### #...###
#######<..#.P
##....##..:≈≈##......
#....##'..≈# #......
#P...#w# #......
##...D.## ##......
#...@...######.......
#P......#..#...<.....
#....................
#P...................
#.......###.##.#.#...
#.######.########.###
### ### ###


You could see a five-headed hydra and a torpor snail.

Vanquished Creatures
  2 hydras
  Erica (Lair:3)
  A death yak (D:11)
  Nergalle (Lair:5)
  2 unseen horrors
  2 hill giants (D:10)
  2 ugly things (D:11)
  An ugly thing zombie (D:11)
  3 griffons
  14 elephants
  10 black mambas
  A queen ant (Lair:6)
  2 centaur skeletons (D:10)
  6 komodo dragons
  Psyche (D:9)
  A kobold demonologist (D:11)
  2 gargoyles (D:11)
  9 spiny frogs
  2 fire drakes
  A polar bear (Lair:6)
  A troll (D:7)
  2 two-headed ogres
  29 blink frogs
  6 wandering mushrooms (Lair:1)
  3 basilisks
  A spriggan (D:7)
  2 wyverns
  6 vampire mosquitoes (Lair:5)
  10 hippogriffs
  A wraith (D:10)
  Eustachio (D:5)
  A deep elf mage (D:11)
  4 yaks (Lair:8)
  Grum (D:10)
  23 wolves
  Edmund (D:7)
  A hungry ghost (D:8)
  5 soldier ants
  25 water moccasins
  3 sky beasts (D:8)
  5 orc warriors
  8 porcupines
  3 spiders (Lair:8)
  2 black bears
  3 necrophages (D:9)
  An ice beast (D:10)
  12 crocodiles
  3 phantoms
  2 centaurs
  2 ogres
  Duvessa (D:6)
  3 boring beetles
  The ghost of Liam the Conjurer, an average DECj of Sif Muna (D:3)
  A big kobold (D:11)
  23 giant frogs
  A scorpion (D:8)
  A water moccasin skeleton (D:6)
  4 wights (D:10)
  15 killer bees
  9 crimson imps
  Dowan (D:6)
  3 quasits
  3 goliath beetles
  10 hounds
  2 giant frog zombies
  8 orc priests
  Crazy Yiuf (D:5)
  11 iguanas
  3 jellies
  10 orc wizards
  29 worker ants
  20 sheep
  A hound zombie (D:8)
  A hound skeleton (D:10)
  A worker ant zombie (D:10)
  29 adders
  14 gnolls
  An orc skeleton (D:11)
  78 river rats
  6 shadow imps
  3 giant mites
  A worm (D:2)
  3 adder skeletons
  3 giant geckos
  3 oozes
  63 orcs
  2 bat skeletons
  5 giant cockroaches
  7 goblins
  16 hobgoblins
  14 jackals
  25 bats
  7 giant newts
  2 giant spores
  2 gnoll zombies (D:9)
  A hobgoblin zombie (D:11)
  2 jackal skeletons (D:4)
  17 kobolds
  12 quokkas
  A quokka skeleton (D:7)
  A quokka zombie (D:5)
  11 rats
  2 ballistomycetes
725 creatures vanquished.

Vanquished Creatures (collateral kills)
  An elephant (Lair:7)
1 creature vanquished.

Vanquished Creatures (others)
  2 water elementals
  A crocodile (Lair:8)
  An orc (D:9)
  14 fungi
  18 plants
36 creatures vanquished.

Grand Total: 762 creatures vanquished

Notes
Turn   | Place    | Note
--------------------------------------------------------------
     0 | D:1      | Fusha, the Halfling Earth Elementalist, began the quest for the Orb.
     0 | D:1      | Reached XP level 1. HP: 11/11 MP: 2/2
   161 | D:1      | Reached XP level 2. HP: 17/17 MP: 0/3
   205 | D:1      | Learned a level 2 spell: Stoneskin
   712 | D:1      | Reached XP level 3. HP: 19/21 MP: 1/5
  1081 | D:2      | Reached XP level 4. HP: 21/27 MP: 7/7
  1086 | D:2      | Learned a level 3 spell: Stone Arrow
  1363 | D:2      | Reached skill level 1 in Short Blades
  1363 | D:2      | Reached skill level 4 in Earth Magic
  1581 | D:2      | Reached XP level 5. HP: 31/31 MP: 7/9
  1908 | D:3      | Noticed Liam's ghost (average DECj)
  2289 | D:4      | Found a shattered altar of Ashenzari.
  2855 | D:3      | Reached XP level 6. HP: 32/37 MP: 4/11
  3007 | D:3      | Learned a level 3 spell: Passwall
  3275 | D:3      | Killed Liam's ghost
  3275 | D:3      | Reached skill level 5 in Earth Magic
  3411 | D:3      | Reached XP level 7. HP: 42/42 MP: 8/15
  4143 | D:4      | Found a glowing silver altar of Zin.
  4152 | D:4      | Became a worshipper of Zin the Law-Giver
  4152 | D:4      | Acquired Zin's first power
  4344 | D:5      | Entered Level 5 of the Dungeon
  4761 | D:5      | Acquired Zin's second power
  4902 | D:5      | Reached XP level 8. HP: 35/47 MP: 11/18
  5141 | D:5      | Reached skill level 6 in Earth Magic
  5264 | D:5      | Noticed Eustachio
  5281 | D:5      | Killed Eustachio
  5482 | D:5      | Reached skill level 1 in Fighting
  5764 | D:5      | Noticed Crazy Yiuf
  5768 | D:5      | Killed Crazy Yiuf
  5892 | D:6      | Found a staircase to the Ecumenical Temple.
  6013 | D:6      | Noticed Dowan
  6014 | D:6      | Noticed Duvessa
  6044 | D:6      | Killed Duvessa
  6094 | D:6      | Killed Dowan
  6094 | D:6      | Reached skill level 7 in Earth Magic
  6496 | D:6      | Acquired Zin's third power
  6763 | D:6      | Reached skill level 5 in Spellcasting
  6763 | D:6      | Reached XP level 9. HP: 53/53 MP: 16/21
  7190 | D:7      | Noticed a troll
  7197 | D:7      | Killed a troll
  7301 | D:7      | Reached skill level 8 in Earth Magic
  7597 | D:7      | Noticed Edmund
  7614 | D:7      | Killed Edmund
  7614 | D:7      | Reached skill level 5 in Dodging
  7804 | D:7      | Reached XP level 10. HP: 40/58 MP: 18/24
  7907 | D:7      | Found Trekhlosy's Food Shop.
  8203 | D:8      | Found a bloodstained altar of Trog.
  8259 | D:8      | Reached skill level 9 in Earth Magic
  8427 | D:8      | Reached skill level 1 in Conjurations
  8489 | D:8      | Found a sparkling altar of Nemelex Xobeh.
  8490 | D:8      | Found an opulent altar of Gozag.
  9305 | D:9      | Found a snail-covered altar of Cheibriados.
  9412 | D:9      | Learned a level 5 spell: Lee's Rapid Deconstruction
  9417 | D:9      | Learned a level 4 spell: Petrify
  9570 | D:9      | Found a glowing golden altar of the Shining One.
  9690 | D:9      | Found a basalt altar of Yredelemnul.
  9833 | D:10     | Entered Level 10 of the Dungeon
  9964 | D:10     | Noticed Grum
  9971 | D:10     | Reached skill level 10 in Earth Magic
  9971 | D:10     | Reached XP level 11. HP: 45/64 MP: 23/27
 10081 | D:10     | Killed Grum
 10398 | D:10     | Noticed a hill giant
 10409 | D:10     | Killed a hill giant
 10759 | D:10     | Learned a level 1 spell: Apportation
 11417 | D:10     | Noticed a hill giant
 11440 | D:10     | Killed a hill giant
 11533 | D:10     | Noticed an unseen horror
 11540 | D:10     | Noticed Psyche
 11637 | D:9      | Killed Psyche
 11637 | D:9      | Reached skill level 11 in Earth Magic
 11740 | D:10     | Killed an unseen horror
 11872 | D:10     | Reached skill level 1 in Transmutations
 12549 | D:11     | Noticed a death yak
 12620 | D:11     | Killed a death yak
 12692 | D:11     | Noticed an unseen horror
 12702 | D:11     | Killed an unseen horror
 12714 | D:11     | Noticed a brown ugly thing
 12715 | D:11     | Found a staircase to the Lair.
 13179 | D:11     | Reached XP level 12. HP: 72/72 MP: 19/29
 13525 | D:11     | Acquired Zin's fourth power
 13811 | D:11     | Found Tiydd's Magic Scroll Emporium.
 13815 | D:11     | Bought a scroll of identify for 20 gold pieces
 13815 | D:11     | Bought a scroll of identify for 20 gold pieces
 13999 | D:11     | Killed a brown ugly thing
 14614 | D:11     | Found a staircase to the Orcish Mines.
 14668 | D:11     | Noticed a purple ugly thing
 14678 | D:11     | Killed a purple ugly thing
 14946 | Lair:1   | Entered Level 1 of the Lair of Beasts
 15132 | Lair:1   | Reached skill level 10 in Spellcasting
 15244 | Lair:1   | Reached skill level 5 in Stealth
 15251 | Lair:1   | Reached skill level 12 in Earth Magic
 15612 | Lair:2   | Identified a scroll of acquirement
 15614 | Lair:2   | Got a polished quick blade
 15615 | Lair:2   | Identified the +3 quick blade "Killer Klown's Peril" {pierce, +Fly rElec rPois rF- Str+4 Dex+3 Stlth+} (You acquired it on level 2 of the Lair of Beasts)
 17114 | Lair:2   | Reached XP level 13. HP: 76/76 MP: 22/31
 19540 | Lair:3   | Found a staircase to the Swamp.
 20472 | Lair:3   | Noticed Erica
 20481 | Lair:3   | Killed Erica
 20868 | Lair:3   | Reached skill level 13 in Earth Magic
 23618 | Lair:5   | Noticed Nergalle
 23629 | Lair:5   | Killed Nergalle
 23884 | Lair:5   | Found a staircase to the Swamp.
 24183 | Lair:5   | Reached XP level 14. HP: 83/83 MP: 21/33
 25761 | Lair:6   | Found a hole to the Spider Nest.
 27260 | Lair:7   | Reached skill level 14 in Earth Magic
 27742 | Lair:7   | Found a runed door.
 28238 | Lair:8   | Entered Level 8 of the Lair of Beasts
 28747 | Lair:8   | Found a viscous altar of Jiyva.
 28748 | Lair:8   | Found a staircase to the Slime Pits.
 28791 | Lair:8   | Reached skill level 10 in Dodging
 30795 | Lair:7   | HP: 2/83 [five-headed hydra (10)]
 30796 | Lair:7   | Mangled by a five-headed hydra

Action                   |  1- 3 |  4- 6 |  7- 9 | 10-12 | 13-15 || total
-------------------------+-------+-------+-------+-------+-------++-------
Melee: Dagger            |    37 |    63 |    80 |   258 |       ||   438
       Unarmed           |     2 |       |       |       |       ||     2
       Quick blade       |       |       |       |    29 |   647 ||   676
Throw: Stone             |       |       |       |     2 |       ||     2
 Cast: Sandblast         |    24 |    97 |   207 |   237 |    16 ||   581
       Stone Arrow       |       |       |     6 |   234 |   546 ||   786
       Stoneskin         |       |       |     4 |     4 |    18 ||    26
       Lee's Rapid Decon |       |       |       |    37 |    34 ||    71
Evoke: Wand              |       |       |     1 |     3 |    14 ||    18
       Phial of floods   |       |       |       |       |     2 ||     2
  Use: Potion            |       |     6 |     2 |     4 |     4 ||    16
       Scroll            |       |       |    12 |     9 |    10 ||    31
 Stab: Sleeping          |     1 |     2 |     9 |     3 |    27 ||    42
       Distracted        |       |       |       |     1 |     1 ||     2
  Eat: Fruit             |     1 |       |     5 |    12 |     4 ||    22
       Royal jelly       |     1 |       |       |       |     2 ||     3
       Bread ration      |       |     2 |     2 |       |     5 ||     9
       Pizza             |       |       |       |     2 |       ||     2
       Meat ration       |       |       |       |     5 |     4 ||     9
